 Dungeon Crawl Stone Soup version 0.31-a0-486-g8d68a81214 (webtiles) character file.

Game seed: 6431591553327514417

29 AstroCodex24 the Trooper (level 3, -8/29 HPs)
             Began as a Vampire Fighter on Aug 7, 2023.
             Mangled by an orc warrior
             ... wielding a +0 scimitar
              (13 damage)
             ... on level 4 of the Dungeon.
             The game lasted 00:01:15 (316 turns).

AstroCodex24 the Trooper (Vampire Fighter)           Turns: 316, Time: 00:01:16

Health: -8/29      AC:  7    Str: 17    XL:     3   Next: 1%
Magic:  3/3        EV:  9    Int: 10    God:
Gold:   19         SH:  4    Dex: 13    Spells: 2/2 levels left

rFire   . . .        a - +0 war axe
rCold   . . .        c - +0 buckler
rNeg    . . .        b - +0 scale mail
rPois   .            (no helmet)
rElec   .            (no cloak)
rCorr   .            (no gloves)
SInv    +            h - +0 pair of boots
Will    .....        (no amulet) Stlth
                     (no ring)
HPRegen 0.44/turn    (no ring)
MPRegen 0.08/turn

%: no passive effects
@: healing quickly
A: alive, fangs 3, see invisible, vampiric 2
a: Exsanguinate


You were on level 4 of the Dungeon.
You visited 1 branch of the dungeon, and saw 4 of its levels.

You collected 19 gold pieces.

Inventory:

Hand Weapons
 a - a +0 war axe (weapon)
Armour
 b - a +0 scale mail (worn)
 c - a +0 buckler (worn)
 h - a +0 pair of boots (worn)
Scrolls
 g - 2 scrolls of identify {unknown}
Potions
 d - a potion of might
 e - a potion of cancellation {unknown}
 f - a potion of enlightenment {unknown}


   Skills:
 + Level 3.1 Fighting
 + Level 1.9 Axes
 + Level 2.9 Armour
 + Level 2.8 Shields


You had 2 spell levels left.
You didn't know any spells.
Your spell library was empty.

Dungeon Overview and Level Annotations

Branches:
Dungeon (4/15)
 Temple: D:4-7

Altars:


Innate Abilities, Weirdness & Mutations

Your natural rate of healing is accelerated.
You have razor-sharp teeth.
You have supernaturally acute eyesight. (SInv)
You are afflicted with vampirism and can become a bat while bloodless.


Message History

The orc is moderately wounded.
The orc priest looks satisfied for a moment.
You block the orc's attack.
You slash the orc!
You kill the orc!
You closely miss the orc. You block the orc's attack.
You have reached level 3!
Your experience leads to an increase in your attributes!
Increase (S)trength, (I)ntelligence, or (D)exterity?
You feel stronger. x2
You can now turn into a vampire bat when bloodless.
Things that are here:
a +0 trident; 3 boomerangs The orc hits you with a +0 whip.
The orc attacks as you move away! The orc hits you but does no damage.
You barely miss the orc. The orc hits you but does no damage.
The orc closely misses you.
You hit the orc.
The orc is moderately wounded.
You closely miss the orc warrior. Your bite misses the orc warrior.
The orc warrior hits you with a +0 scimitar!
You hit the orc warrior but do no damage.
The orc warrior barely misses you.
You hit the orc warrior but do no damage.
The orc warrior completely misses you.
You hit the orc warrior but do no damage.
Your bite misses the orc warrior.
The orc priest calls upon Beogh to heal the orc.
The orc's wounds heal themselves!
The orc warrior hits you with a +0 scimitar!
* * * LOW HITPOINT WARNING * * *
The orc warrior barely misses you.
You hit the orc warrior but do no damage.
You bite the orc warrior.
The orc warrior is lightly wounded.
You block the orc warrior's attack.
You hit the orc warrior but do no damage.
The orc warrior is lightly wounded.
The orc warrior hits you with a +0 scimitar!
You die...

##..##.# ...(
#.###.# #o.8
#.###.o# (.8
... #...# o. ##
#.o.# #.#o#
#.#.# #
#.#..o###.#####
#...ooo@.......
##...##########
#.## #.. #. #.


You could see an orc warrior, an orc priest and 2 orcs.

Vanquished Creatures
  2 adders (D:2)
  A worm (D:3)
  An orc (D:4)
  A ball python (D:2)
  An endoplasm (D:2)
  A bat (D:2)
  A kobold (D:2)
  A rat (D:2)
9 creatures vanquished.

Notes
Turn   | Place    | Note
-------+----------+-------------------------------------------
     0 | D:1      | AstroCodex24 the Vampire Fighter began the quest for the
                  | Orb.
     0 | D:1      | Reached XP level 1. HP: 17/17 MP: 1/1
   117 | D:2      | Reached XP level 2. HP: 16/23 MP: 2/2
   178 | D:2      | Reached skill level 3 in Fighting
   292 | D:4      | Noticed an orc warrior
   305 | D:4      | Gained mutation: You are afflicted with vampirism and can
                  | become a bat while bloodless. [Vampire growth]
   305 | D:4      | Reached XP level 3. HP: 18/29 MP: 3/3
   316 | D:4      | Mangled by an orc warrior

Illustrated notes

Levels and vault maps discovered:
D:1:      lightli_molten_gateway, layout_rooms,
          dreamdust_ecumenical_altar_hidden_monk_grotto, serial_forest,
          infiniplex_forest_end_double, infiniplex_forest_lined_3,
          infiniplex_forest_end_1, infiniplex_forest_end_1,
          infiniplex_forest_clump_curved
D:2:      layout_basic, grunt_ministairs_12, uniq_jessica
D:3:      layout_rooms, grunt_temple_overflow_open
D:4:      layout_cave_pods, minmay_temple_entry_mist, guppyfry_early_orc_mine

Skill      XL: |  1  2 |
---------------+-------+-----
Fighting       | 3 |  3.1
Axes           | |  1.9
Armour         | |  2.9
Shields        | |  2.8

Action                     || total
---------------------------++-------
  Melee: War axe           ||    32
         Bite              ||     1
 Armour: Scale mail        ||    20
  Dodge: Dodged            ||    17
  Block: Buckler           ||     9

Table legend: (Time is in decaauts)
 A = Elapsed time spent in this place.
 B = Non-inter-level travel time spent in this place.
 C = Inter-level travel time spent in this place.
 D = Time resting spent in this place.
 E = Time spent auto-exploring this place.
 F = Levels seen in this place.
 G = Mean time per level.
                   A        B        C        D        E       F      G
               +--------+--------+--------+--------+--------+-----+--------+
         Total |    328 |    328 |      0 |      0 |      0 |   4 |   82.0 |
       Dungeon |    328 |    328 |      0 |      0 |      0 |   4 |   82.0 |
               +--------+--------+--------+--------+--------+-----+--------+

Top non-repeatable levels by time:
     D:2: 240 daAuts
     D:3: 48 daAuts
     D:4: 32 daAuts
     D:1: 7 daAuts
